 Dungeon Crawl Stone Soup version 0.31-a0-875-g02e7d12df6 (webtiles) character file.

Game seed: 7533685722951379197

59 Xavori the Cutter (level 4, -10/24 HPs)
             Began as a Vine Stalker Chaos Knight on Oct 12, 2023.
             Was a Plaything of Xom.
             Mangled by a naga (11 damage)
             ... on level 2 of the Dungeon.
             The game lasted 00:02:58 (4122 turns).

Xavori the Cutter (Vine Stalker Chaos Knight)       Turns: 4122, Time: 00:02:58

Health: -10/24     AC:  7    Str: 24    XL:     4   Next: 3%
Magic:  0/5        EV:  8    Int: 10    God:    Xom [.....*]
Gold:   46         SH:  0    Dex: 18    Spells: 3/3 levels left

rFire   . . .        a - +0 short sword (chaos)
rCold   + . .        (no shield)
rNeg    . . .        b - +2 leather armour
rPois   .            (helmet currently unavailable)
rElec   .            (cloak currently unavailable)
rCorr   .            (gloves currently unavailable)
SInv    .            (boots currently unavailable)
Will    .....        (no amulet)
Stlth   ++           l - +6 ring of strength
HPRegen 1.04/turn    j - ring of protection from cold
MPRegen 0.09/turn

%: guardian spirit
@: lethally poisoned (-10 -> -10), beast-form, constricted
A: beast (slay +0), fangs 2, regeneration 1, magic shield, antimagic bite, no
potion heal 2, claws 1, horns 1, iridescent scales 1, agile 1, strong 1
a: Begin Untransformation, Renounce Religion


You were on level 2 of the Dungeon.
You worshipped Xom.
You were Xom's teddy bear.
You were a hulking beast.
You visited 1 branch of the dungeon, and saw 2 of its levels.

You collected 46 gold pieces.

Inventory:

Hand Weapons
 a - a +0 short sword of chaos (weapon)
Armour
 b - a +2 leather armour (worn)
 i - a +0 pair of boots
Jewellery
 j - a ring of protection from cold (right claw)
 l - a +6 ring of strength (left claw)
Talismans
 d - a beast talisman (active)
Scrolls
 c - a scroll of butterflies
 e - a scroll of poison {unknown}
 f - a scroll of amnesia {unknown}
 g - 2 scrolls of identify {unknown}
 h - a scroll of vulnerability {unknown}
Potions
 k - a potion of lignification {unknown}


   Skills:
 + Level 3.1 Fighting
 + Level 3.4 Short Blades
 + Level 2.1 Armour
 + Level 0.9 Dodging
 + Level 0.7 Stealth
 * Level 0.5 Shapeshifting


You had 3 spell levels left.
You didn't know any spells.
Your spell library was empty.

Dungeon Overview and Level Annotations

Branches:
Dungeon (2/15)

Altars:


Innate Abilities, Weirdness & Mutations

You are a hulking beast.
Your limbs bulge with bestial killing power. (Slay +0)
You have extremely sharp teeth.
Your natural rate of healing is unusually fast.
When hurt, damage is shared between your health and your magic reserves.
Your bite disrupts and absorbs the magic of your enemies.
Potions cannot restore your health.
You have sharp fingernails.
You have a pair of small horns on your head.
You are partially covered in iridescent scales. (AC +2)
You are agile. (Dex +4, Str/Int -1)
Your muscles are strong. (Str +4, Int/Dex -1)


Message History

Your quasit is engulfed in calcifying dust.
The ufetubus hits you. The ufetubus misses you.
You hit the naga but do no damage.
The naga is heavily wounded.
You feel sick.
Your quasit is engulfed in calcifying dust. x2
The naga closely misses you. The naga barely misses you.
Your crimson imp completely misses the naga.
The ufetubus closely misses you.
The ufetubus hits you but does no damage.
You barely miss the naga.
The naga is heavily wounded.
You feel sick.
Your quasit is engulfed in calcifying dust.
The ufetubus hits you but does no damage.
The ufetubus closely misses you.
Your quasit is engulfed in calcifying dust.
Your crimson imp hits the naga but does no damage.
The naga hits you!
Ouch! That really hurt!
* * * LOW HITPOINT WARNING * * *
A shower of butterflies erupts from you!
The naga grabs you. The naga constricts you.
* * * LOW HITPOINT WARNING * * *
Your quasit cannot move out of your way!
There are monsters nearby!
You hit the quasit.
You headbutt the quasit, but do no damage.
Your bite misses the quasit.
The quasit is lightly wounded.
You feel sick. The ufetubus hits you.
* * * LOW HITPOINT WARNING * * *
The ufetubus hits you but does no damage.
Your quasit is engulfed in calcifying dust. x2
The quasit bites you.
* * * LOW HITPOINT WARNING * * *
The quasit claws you but does no damage. x2
The naga hits you!
You die...
Xom howls with laughter!

#..........#####...........
#...P...N.## ##.)........
#..PP.....# ##...##....
#.†....#### #.#.#####.
#.....## #.#.# #. #####.#
#.#.# #. ####.# #.#.#####.
##....############.#S..OS..
#....§)5b5h5....##.######..
#.....####5Nb.......# ##.
#...§.# #5.........# ##
#.....# #.b........#
#.....# ####.#.##...
#...§.# #.# # #.....## #§#
#......######§#
#.......§§§§§§#


You could see a naga (very poisoned, catching breath, ally target), a quasit
(summoned), an ufetubus (summoned), 2 friendly quasits and a friendly crimson
imp (summoned).

Vanquished Creatures
  3 gnolls (D:2)
  A worm (D:2)
  4 orcs (D:2)
  2 ball pythons
  4 bats
  An endoplasm (D:1)
  2 giant cockroaches (D:1)
  3 hobgoblins
  A quokka (D:2)
  A ball python skeleton (D:2)
  2 frilled lizards
24 creatures vanquished.

Notes
Turn   | Place    | Note
-------+----------+-------------------------------------------
     0 | D:1      | Xavori the Vine Stalker Chaos Knight began the quest for
                  | the Orb.
     0 | D:1      | Reached XP level 1. HP: 11/11 MP: 2/2
    80 | D:1      | XOM: silly message
   176 | D:1      | XOM: divination: detect items
   281 | D:1      | XOM: silly message
   320 | D:1      | Reached XP level 2. HP: 16/16 MP: 3/3
   520 | D:1      | XOM: divination: detect items
   975 | D:1      | XOM: divination: magic mapping
  1445 | D:1      | XOM: divination: detect creatures
  1463 | D:1      | XOM: scenery: 1 doors close
  2275 | D:1      | XOM: scenery: 1 doors open
  2510 | D:1      | XOM: scenery: 1 doors close
  3008 | D:1      | XOM: cloud trail
  3294 | D:1      | XOM: god gift: scroll labelled TASION JEESKAA {god gift}
  3363 | D:1      | XOM: give mutations
  3363 | D:1      | Gained mutation: You have sharp fingernails. [Xom's grace]
  3363 | D:1      | Gained mutation: You are partially covered in iridescent
                  | scales. (AC +2) [Xom's grace]
  3363 | D:1      | Gained mutation: You are agile. (Dex +4, Str/Int -1) [Xom's
                  | grace]
  3612 | D:1      | XOM: scenery: 1 doors open
  3746 | D:1      | XOM: give mutations
  3746 | D:1      | Gained mutation: Your muscles are strong. (Str +4, Int/Dex
                  | -1) [Xom's grace]
  3746 | D:1      | Gained mutation: You have a pair of small horns on your
                  | head. [Xom's grace]
  3841 | D:1      | XOM: summons 2 hostile demons
  3931 | D:2      | XOM is BORED!
  3931 | D:2      | XOM: 2-stop teleportation journey
  3957 | D:2      | Reached XP level 3. HP: 13/20 MP: 2/4
  4008 | D:2      | Reached XP level 4. HP: 24/24 MP: 5/5
  4027 | D:2      | Noticed an ogre
  4027 | D:2      | XOM: confusion
  4038 | D:2      | XOM: smoke on damage
  4049 | D:2      | XOM: confusion
  4055 | D:2      | an ogre changed into a naga
  4055 | D:2      | Noticed a naga
  4055 | D:2      | XOM: polymorph ogre -> naga
  4064 | D:2      | XOM: summons friendly ufetubus
  4072 | D:2      | XOM: noise
  4081 | D:2      | XOM: cloud trail
  4083 | D:2      | XOM: summons 3 hostile demons
  4116 | D:2      | XOM: summons 4 friendly demons
  4121 | D:2      | XOM: butterfly on damage
  4122 | D:2      | HP: 1/24 [quasit[Xom] (1)]
  4122 | D:2      | Mangled by a naga

Illustrated notes

Levels and vault maps discovered:
D:1:      grunt_arrival_lava_bath, layout_loops_corners,
          shapermc_ecumenical_altar_petra
D:2:      layout_rooms, serial_undead, serial_undead_d, serial_undead_b,
          serial_undead_c, serial_undead_c, basic_altar

Skill      XL: |  1  2  3 |
---------------+----------+-----
Short Blades   | 3 |  3.4
Fighting       | 3 |  3.1
Armour         | 2 |  2.1
Dodging        | |  0.9
Stealth        | |  0.7
Shapeshifting  | |  0.5

Action                     |  1- 3 |  4- 6 || total
---------------------------+-------+-------++-------
  Melee: Short sword       |    54 |    11 ||    65
         Bite              |    12 |     4 ||    16
         Headbutt          |     7 |     1 ||     8
         Punch             |     1 |       ||     1
    Use: Scroll            |     1 |       ||     1
 Armour: Leather armour    |    23 |    23 ||    46
  Dodge: Dodged            |    33 |    21 ||    54
   Form: Beast             |     1 |       ||     1

Table legend: (Time is in decaauts)
 A = Elapsed time spent in this place.
 B = Non-inter-level travel time spent in this place.
 C = Inter-level travel time spent in this place.
 D = Time resting spent in this place.
 E = Time spent auto-exploring this place.
 F = Levels seen in this place.
 G = Mean time per level.
                   A        B        C        D        E       F      G
               +--------+--------+--------+--------+--------+-----+--------+
         Total |   4111 |   3979 |    132 |   3043 |    707 |   2 | 2055.5 |
       Dungeon |   4111 |   3979 |    132 |   3043 |    707 |   2 | 2055.5 |
               +--------+--------+--------+--------+--------+-----+--------+

Top non-repeatable levels by time:
     D:1: 3813 daAuts
     D:2: 298 daAuts
